 Dungeon Crawl Stone Soup version 0.23-a0-890-gc183402 (console) character file.

Game seed: 12533205942045852192

13415 Duffy the Thaumaturge (level 11, -5/64 HPs)
             Began as a Deep Elf Fire Elementalist on Jan 28, 2019.
             Was an Elder of Vehumet.
             Slain by a troll (11 damage)
             ... on level 11 of the Dungeon.
             The game lasted 00:18:45 (15498 turns).

Duffy the Thaumaturge (Deep Elf Fire Elementalist) Turns: 15498, Time: 00:18:45

Health: -5/64      AC:  5    Str:  3    XL:     11   Next: 75%
Magic:  26/30      EV: 17    Int: 24    God:    Vehumet [****..]
Gold:   718        SH:  0    Dex: 15    Spells: 15/36 levels left

rFire    + . .     SeeInvis .   F - +1 dagger (elec)
rCold    + . .     Gourm    +   (no shield)
rNeg     . . .     Faith    .   f - +1 robe {rC+ rF+}
rPois    .         Spirit   .   (helmet restricted)
rElec    .         Reflect  .   k - +0 cloak
rCorr    .         Harm     .   (no gloves)
MR       +....                  (no boots)
Stlth    +.........             L - amulet of the gourmand
HPRegen  0.20/turn              a - +1 ring of protection
MPRegen  0.22/turn              E - ring of attention (curse)

@: no status effects
A: horns 1, blink, blurry vision 1, weak 1
a: Blink, Renounce Religion


You were on level 11 of the Dungeon.
You worshipped Vehumet.
Vehumet was greatly pleased with you.
You were not hungry.

You visited 1 branch of the dungeon, and saw 11 of its levels.
You also visited: Bailey.

You collected 718 gold pieces.

Inventory:

Hand Weapons
 F - a +1 dagger of electrocution (weapon)
 M - the +2 trident of Analysis {venom, *Drain rN+ Int+2}
   (You took it off a crimson imp on level 10 of the Dungeon)

   It poisons the flesh of those it strikes.
   It affects your intelligence (+2).
   It protects you from negative energy.
   It causes draining when unequipped.
Armour
 f - a +1 robe of resistance (worn)
 k - a +0 cloak (worn)
 o - a +0 helmet
 z - a +0 troll leather armour
Jewellery
 a - a +1 ring of protection (left hand)
 E - a cursed ring of attention (right hand)
 L - an amulet of the gourmand (around neck)
Wands
 d - a wand of flame (10)
 v - a wand of iceblast (8)
 I - a wand of digging (4)
Scrolls
 b - 8 scrolls of teleportation
 e - a scroll of immolation {unknown}
 j - 8 scrolls of amnesia
 m - a scroll of noise {unknown}
 n - 2 scrolls of remove curse
 p - 2 scrolls of magic mapping
 q - 7 scrolls of blinking {unknown}
 u - a scroll of silence {unknown}
 x - 4 scrolls of enchant armour {unknown}
 y - 3 scrolls of enchant weapon {unknown}
 B - 2 scrolls of fog
 C - 2 scrolls of fear
 J - a scroll of acquirement
 K - a scroll of torment {unknown}
Potions
 g - 2 potions of haste
 h - 5 potions of curing {unknown}
 i - a potion of brilliance
 l - a potion of heal wounds
 r - 4 potions of agility {unknown}
 s - 3 potions of flight {unknown}
 t - a potion of lignification
 w - a potion of resistance
 A - a potion of magic
 G - 2 potions of experience {unknown}
 H - 2 potions of invisibility {unknown}
Comestibles
 c - 12 rations


   Skills:
 + Level 5.6 Fighting
 + Level 7.1 Dodging
 - Level 2.4 Stealth
 - Level 13.1 Spellcasting
 - Level 10.1 Conjurations
 - Level 10.0 Fire Magic
 - Level 5.4 Earth Magic


You had 15 spell levels left.
You knew the following spells:

 Your Spells              Type           Power        Failure   Level  Hunger
h - Stone Arrow           Conj/Erth      ######       1%          3    None
j - Sticky Flame          Conj/Fire      ######..     1%          4    None
k - Fireball              Conj/Fire      ######....   1%          5    ###....
l - Conjure Flame         Conj/Fire      ######..     1%          3    None
u - Bolt of Magma         Conj/Fire/Erth ######....   1%          5    ###....
y - Flame Tongue          Conj/Fire      #####        1%          1    None

Your spell library contained the following spells:

 Spells                   Type           Power        Failure   Level  Hunger
 Sting                    Conj/Pois      ####         1%          1    None
 Throw Flame              Conj/Fire      ######       1%          2    None
 Inner Flame              Hex/Fire       #####...     1%          3    None
 Mephitic Cloud           Conj/Pois/Air  ####....     1%          3    None
 Venom Bolt               Conj/Pois      #####.....   3%          5    ###....
 Poisonous Vapours        Pois/Air       ###...       6%          2    None
 Olgreb's Toxic Radiance  Pois           ###.....     11%         4    None


Dungeon Overview and Level Annotations

Branches:
Dungeon (11/15)            Temple (0/1) D:5             Orc (0/2) D:10
   Lair: D:8-11

Altars:
Ashenzari
Cheibriados
Dithmenos
Fedhas
Gozag
Hepliaklqana
Kikubaaqudgha
Okawaru
Qazlal
Sif Muna
Trog
Uskayaw
Vehumet
Xom
Yredelemnul
Zin
The Shining One

Shops:
D:4 *

Annotations:
D:10 exclusion: orange crystal statue


Innate Abilities, Weirdness & Mutations

You have a pair of small horns on your head.
You can translocate small distances at will.
Scrolls take you a little longer to read.
You are weak. (Str -2)


Message History

Okay, then.
Casting: Fireball (safe; 1% risk of failure)
Confirm with . or Enter, or press ? or * to list all spells.
Aiming: Sticky Flame (safe; 1% risk of failure)
Press: ? - help, Shift-Dir - straight line, f - troll
Aim: a troll The sticky flame hits the troll!
The troll is lightly wounded.
The troll is covered in liquid flames!
The troll burns!
The centaur wields a +0 shortbow.
The centaur shoots an arrow.
The arrow hits you! The troll bites you! The troll claws you! x2
The centaur shoots an arrow.
The arrow hits you.
Casting: Sticky Flame (safe; 1% risk of failure)
Confirm with . or Enter, or press ? or * to list all spells.
Okay, then.
The troll burns!
The killer bee stings you but does no damage.
The troll bites you but does no damage. The troll barely misses you.
The troll claws you!
You die...

###########
#.....)T.[#
#....[.@..#
#.!...y..(#
#.........#
#....?....#
#..)......#
..........#
.......c..#
..........#


You could see a troll (burning), a centaur and a killer bee.

Vanquished Creatures
  An orc warlord (Bailey)
  Josephine (D:10)
  Erolcha (D:11)
  2 two-headed ogres
  Pikel (D:8)
  2 orc knights (Bailey)
  A komodo dragon (D:9)
  A troll (D:9)
  Grinder (D:3)
  A hippogriff (D:8)
  The ghost of Duffy the Chopper, an amateur NaFi (D:4)
  5 wraiths (D:10)
  5 yaks
  A hungry ghost (D:8)
  A human (D:2)
  A water moccasin (D:7)
  16 orc warriors
  4 ice beasts
  3 sky beasts
  2 phantoms (D:7)
  A black bear (D:10)
  A slave (D:8)
  2 ogres (D:4)
  5 centaurs
  A big kobold (D:9)
  2 bullfrogs
  A gnoll sergeant (D:5)
  A wyvern skeleton (D:5)
  3 scorpions
  4 killer bees (D:7)
  5 howler monkeys
  3 crimson imps
  3 jellies
  2 hounds
  2 bullfrog zombies
  3 orc priests
  2 bullfrog skeletons
  Terence (D:2)
  An iguana (D:8)
  9 orc wizards
  8 worker ants
  A hound zombie (D:6)
  A hound skeleton (D:7)
  Robin (D:3)
  A worker ant zombie (D:9)
  21 gnolls
  11 adders
  3 shadow imps
  An adder zombie (D:8)
  3 oozes
  An adder skeleton (D:4)
  A worm (D:4)
  3 dart slugs
  5 leopard geckos
  64 orcs
  8 giant cockroaches
  24 goblins
  29 hobgoblins
  11 jackals
  12 kobolds
  2 quokkas
  3 ball pythons
  3 bats
  6 frilled lizards
  9 rats
335 creatures vanquished.

Vanquished Creatures (others)
  A sky beast (D:5)
1 creature vanquished.

Grand Total: 336 creatures vanquished

Notes
Turn   | Place    | Note
-------+----------+-------------------------------------------
     0 | D:1      | Duffy the Deep Elf Fire Elementalist began the quest for
                  | the Orb.
     0 | D:1      | Reached XP level 1. HP: 10/10 MP: 6/6
   406 | D:1      | Reached XP level 2. HP: 15/15 MP: 6/8
  1208 | D:2      | Reached XP level 3. HP: 19/19 MP: 4/9
  1213 | D:2      | Learned a level 3 spell: Conjure Flame
  1277 | D:2      | Noticed a human
  1278 | D:2      | Found a runed translucent door.
  1283 | D:2      | Found a basalt altar of Yredelemnul.
  1946 | D:2      | Noticed Terence
  1947 | D:2      | Reached XP level 4. HP: 24/24 MP: 9/11
  1960 | D:2      | Killed Terence
  2356 | D:2      | Killed a human
  2356 | D:2      | Reached skill level 4 in Spellcasting
  2356 | D:2      | Reached XP level 5. HP: 28/28 MP: 0/14
  2465 | D:2      | Learned a level 4 spell: Sticky Flame
  2471 | D:2      | Learned a level 5 spell: Fireball
  2606 | D:3      | Reached skill level 5 in Spellcasting
  2606 | D:3      | Reached XP level 6. HP: 13/32 MP: 6/15
  2806 | D:3      | Found a faded altar of an unknown god.
  2912 | D:3      | Found a blossoming altar of Fedhas.
  2917 | D:3      | Reached skill level 5 in Fire Magic
  2925 | D:3      | Reached skill level 5 in Conjurations
  3384 | D:3      | Noticed Grinder
  3390 | D:3      | Paralysed by Grinder for 5 turns
  3396 | D:3      | HP: 1/33 [Grinder (4)]
  3397 | D:3      | Killed Grinder
  3397 | D:3      | Reached XP level 7. HP: 1/40 MP: 6/16
  3736 | D:3      | Noticed Robin
  3740 | D:3      | Killed Robin
  4617 | D:4      | Found Gozag's Platinum Reserve.
  4760 | D:4      | Found an opulent altar of Gozag.
  4853 | D:4      | Found a shadowy altar of Dithmenos.
  4904 | D:4      | Reached skill level 5 in Dodging
  5445 | D:4      | Found a runed translucent door.
  5448 | D:4      | Noticed Duffy's ghost (amateur NaFi)
  5457 | D:4      | Killed Duffy's ghost
  5457 | D:4      | Reached XP level 8. HP: 24/48 MP: 9/17
  5652 | D:4      | Found a runed translucent door.
  5827 | D:4      | Found an ancient bone altar of Kikubaaqudgha.
  5829 | D:4      | Found a blossoming altar of Fedhas.
  5863 | D:5      | Entered Level 5 of the Dungeon
  5866 | D:5      | Found a radiant altar of Vehumet.
  5894 | D:5      | Became a worshipper of Vehumet
  5911 | D:5      | Found a staircase to the Ecumenical Temple.
  6217 | D:5      | You fall through a shaft for 2 floors!
  6257 | D:6      | Reached skill level 5 in Fighting
  6318 | D:6      | Reached * piety under Vehumet
  6318 | D:6      | Offered knowledge of Freeze by Vehumet.
  6961 | D:5      | Reached skill level 6 in Spellcasting
  7158 | D:5      | Found a shimmering altar of Xom.
  7160 | D:5      | Found a shadowy altar of Dithmenos.
  7160 | D:5      | Found a blossoming altar of Fedhas.
  7162 | D:5      | Found a glowing golden altar of the Shining One.
  7162 | D:5      | Found a shimmering altar of Xom.
  7162 | D:5      | Found a sparkling altar of Nemelex Xobeh.
  7380 | D:5      | Found a bloodstained altar of Trog.
  7830 | D:6      | Reached XP level 9. HP: 54/54 MP: 15/20
  7856 | D:5      | Reached ** piety under Vehumet
  7856 | D:5      | Offered knowledge of Throw Frost by Vehumet.
  8470 | D:7      | Reached skill level 7 in Spellcasting
  9584 | D:8      | Reached skill level 8 in Spellcasting
  9852 | D:8      | Found a basalt altar of Yredelemnul.
  9872 | D:8      | Found a deep blue altar of Sif Muna.
  9873 | D:8      | Found a shattered altar of Ashenzari.
  9874 | D:8      | Found an iron altar of Okawaru.
  9876 | D:8      | Found a stormy altar of Qazlal.
  9877 | D:8      | Found a hazy altar of Hepliaklqana.
  9878 | D:8      | Found a hide-covered altar of Uskayaw.
 10068 | D:8      | Offered knowledge of Stone Arrow by Vehumet.
 10096 | D:8      | Learned a level 3 spell: Stone Arrow
 10251 | D:8      | Reached *** piety under Vehumet
 10497 | D:8      | Reached skill level 9 in Spellcasting
 10497 | D:8      | Reached skill level 1 in Earth Magic
 10529 | D:8      | Reached XP level 10. HP: 59/59 MP: 12/25
 10847 | D:8      | Noticed Pikel
 10860 | D:8      | Killed Pikel
 10926 | D:9      | Gained mutation: You have a pair of small horns on your
                  | head. [potion of mutation]
 10926 | D:9      | Gained mutation: You are weak. (Str -2) [potion of
                  | mutation]
 10926 | D:9      | Gained mutation: Scrolls take you a little longer to read.
                  | [potion of mutation]
 10926 | D:9      | Gained mutation: You can translocate small distances at
                  | will. [potion of mutation]
 10938 | D:9      | Found a snail-covered altar of Cheibriados.
 11271 | D:9      | Offered knowledge of Ignite Poison by Vehumet.
 11634 | D:9      | Noticed a two-headed ogre
 11645 | D:9      | Killed a two-headed ogre
 11748 | D:9      | Noticed an angel
 11749 | D:9      | Found a glowing silver altar of Zin.
 11936 | D:9      | Found a glowing golden altar of the Shining One.
 11940 | D:9      | Reached skill level 10 in Spellcasting
 12389 | D:10     | Entered Level 10 of the Dungeon
 12425 | D:10     | Found a flagged portal.
 12481 | Bailey   | Entered a bailey
 12539 | Bailey   | Reached **** piety under Vehumet
 12647 | Bailey   | Offered knowledge of Fulminant Prism by Vehumet.
 12964 | Bailey   | Noticed an orc knight
 12996 | Bailey   | Killed an orc knight
 13297 | Bailey   | Noticed an orc knight
 13322 | Bailey   | Killed an orc knight
 13322 | Bailey   | Reached XP level 11. HP: 58/63 MP: 8/27
 13440 | Bailey   | Reached ***** piety under Vehumet
 13474 | Bailey   | Offered knowledge of Bolt of Magma by Vehumet.
 13492 | Bailey   | Noticed an orc warlord
 13519 | Bailey   | Killed an orc warlord
 13519 | Bailey   | Reached skill level 11 in Spellcasting
 13519 | Bailey   | Reached skill level 5 in Earth Magic
 13998 | D:10     | Noticed a two-headed ogre
 14021 | D:10     | Killed a two-headed ogre
 14021 | D:10     | Reached skill level 10 in Conjurations
 14021 | D:10     | Reached skill level 10 in Fire Magic
 14277 | D:9      | Reached skill level 12 in Spellcasting
 14494 | D:10     | Noticed Josephine
 14645 | D:10     | Killed Josephine
 14645 | D:10     | Reached skill level 13 in Spellcasting
 14752 | D:10     | Found a staircase to the Orcish Mines.
 14787 | D:10     | Identified a scroll of acquirement
 14794 | D:10     | Noticed an orange crystal statue
 14797 | D:10     | Identified the +2 trident of Analysis {venom, *Drain rN+
                  | Int+2}
 15252 | D:10     | Learned a level 5 spell: Bolt of Magma
 15268 | D:11     | Noticed Erolcha
 15273 | D:11     | Killed Erolcha
 15498 | D:11     | Slain by a troll

Vault maps used:
D:1:      dpeg_arrival_windows_large_door
D:2:      first_ration, dk_yredelemnul_ordeal, uniq_terence
D:3:      chequers_ecumenical_altar_twisty, fedhas_altar_2, uniq_grinder,
          uniq_robin
D:4:      grunt_temple_overflow_growth_and_decay,
          nicolae_gozag_zags_fifth_avenue, grunt_dithmenos_shadows,
          ebering_ghost_sewer_f, kennysheep_decorative_pillar
D:5:      lemuel_doored_altar, doesnt_xom_only_xom,
          minmay_temple_entry_mini_moons, basic_altar
D:8:      minitemple, uniq_pikel
D:9:      tso_altar, cheibriados_altar_1, zin_angel
D:10:     orc_0_dummy, enter_bailey_7, minivault_16, uniq_josephine
D:11:     lair_entry_dummy, serial_shops, nicolae_shop_statue_plus,
          david_nohive_1, uniq_erolcha, uniq_psyche
Bailey:   bailey_axe_minmay_hex_keep, bailey

Skill      XL: |  1  2  3  4  5  6  7  8  9 10 11 |
---------------+----------------------------------+-----
Conjurations   | 2 3 4 5 6 8 9 10 | 10.1
Spellcasting   | 4 5 6 9 10 13 | 13.1
Fire Magic     | 4 5 6 8 9 10 | 10.0
Fighting       | 2 3 5 |  5.6
Dodging        | 4 6 7 |  7.1
Earth Magic    | 1 4 5 |  5.4
Stealth        | |  2.4

Action                   |  1- 3 |  4- 6 |  7- 9 | 10-12 || total
-------------------------+-------+-------+-------+-------++-------
Melee: Mace              |       |       |   160 |       ||   160
       Flail             |       |       |    47 |       ||    47
       Dagger            |       |       |     1 |    99 ||   100
       Headbutt          |       |       |       |    10 ||    10
 Cast: Flame Tongue      |    57 |    78 |   313 |       ||   448
       Conjure Flame     |       |     1 |    11 |     3 ||    15
       Sticky Flame      |       |     3 |    22 |    20 ||    45
       Stone Arrow       |       |       |    14 |   121 ||   135
       Fireball          |       |       |     2 |    40 ||    42
Evoke: Wand              |       |       |       |     9 ||     9
  Use: Scroll            |       |       |     8 |     7 ||    15
       Potion            |       |       |       |     1 ||     1
  Eat: Chunk             |     3 |     5 |    15 |    31 ||    54
       Ration            |       |       |     3 |       ||     3
Armor: Robe              |     3 |     9 |   123 |    17 ||   152
Dodge: Dodged            |    19 |    17 |   332 |   128 ||   496

Table legend:
 A = Non-vault XP
 B = Vault XP
 C = Vault XP percentage of total XP
 D = Non-vault monster count
 E = Vault monster count
 F = Vault count percentage of total count
                 A         B        C        D         E       F
            +---------+---------+-------+---------+---------+-------
      Total |   10034 |    9131 |  47.6 |     238 |      97 |  29.0
            +---------+---------+-------+---------+---------+-------
        D:1 |      33 |       0 |   0.0 |      17 |       0 |   0.0
        D:2 |     169 |     214 |  55.9 |      23 |       2 |   8.0
        D:3 |     230 |     311 |  57.5 |      31 |       9 |  22.5
        D:4 |     446 |     227 |  33.7 |      14 |       5 |  26.3
        D:5 |     617 |       0 |   0.0 |      28 |       0 |   0.0
        D:6 |     722 |       0 |   0.0 |      30 |       0 |   0.0
        D:7 |    1185 |       0 |   0.0 |      21 |       0 |   0.0
        D:8 |    1395 |     663 |  32.2 |      22 |       1 |   4.3
        D:9 |    2934 |       0 |   0.0 |      30 |       0 |   0.0
       D:10 |    2149 |    2174 |  50.3 |      17 |      10 |  37.0
       D:11 |     154 |    1004 |  86.7 |       5 |       1 |  16.7
     Bailey |       0 |    4538 | 100.0 |       0 |      69 | 100.0
            +---------+---------+-------+---------+---------+-------
